 Dungeon Crawl Stone Soup version 0.22-a0-785-g6253c82ace (webtiles) character file.

38 Holzbalken the Cudgeler (level 3, 0/23 HPs)
             Began as a Gargoyle Monk on July 20, 2018.
             Was a Follower of Ru.
             Slain by an adder (4 damage)
             ... on level 2 of the Dungeon.
             The game lasted 00:06:04 (909 turns).

Holzbalken the Cudgeler (Gargoyle Monk)              Turns: 909, Time: 00:06:05

Health: 0/23       AC:  8    Str: 11 (14) XL:     3   Next: 43%
Magic:  3/3        EV: 10    Int:  8 (10) God:    Ru [*.....]
Gold:   49         SH:  0    Dex: 12 (13) Spells: 2/2 levels left

rFire    + . .     SeeInvis .   a - +0 mace
rCold    . . .     Gourm    .   (no shield)
rNeg     + . .     Faith    .   i - +0 ring mail
rPois    ∞         Spirit   .   (no helmet)
rElec    +         Reflect  .   (no cloak)
rCorr    .         Harm     .   (no gloves)
MR       .....                  (no boots)
Stlth    ..........             (no amulet)
HPRegen  0.07/turn              g - ring of protection from fire
MPRegen  0.08/turn              f - ring of loudness (curse)

@: flying, heavily drained
A: negative energy resistance 1, electricity resistance, unbreathing,
petrification resistance, rot immunity, inability to train armour, AC +3
a: Renounce Religion


You were on level 2 of the Dungeon.
You worshipped Ru.
Ru was aware of your devotion.
You were not hungry.

You visited 1 branch of the dungeon, and saw 2 of its levels.

You collected 49 gold pieces.

Inventory:

Hand Weapons
 a - a +0 mace (weapon)
Armour
 b - a +0 robe
 i - a +0 ring mail (worn)
Jewellery
 f - a cursed ring of loudness (right hand)
 g - a ring of protection from fire (left hand)
Scrolls
 d - 2 scrolls of remove curse {unknown}
 h - a scroll of fog {unknown}
 j - 4 scrolls of amnesia {unknown}
 l - a scroll of identify {unknown}
Potions
 k - 4 potions of degeneration
Comestibles
 c - 2 rations


   Skills:
 - Level 3.2(1.6) Fighting
 + Level 4.4(2.6) Maces & Flails
 - Level 2.4(0.7) Dodging
 - Level 2.1(0.5) Stealth


You had 2 spell levels left.
You didn't know any spells.
Your spell library was empty.

Dungeon Overview and Level Annotations

Branches:
Dungeon (2/15)

Altars:
Ru
Uskayaw


Innate Abilities, Weirdness & Mutations

You are resistant to torment.
Your stone body is resilient. (AC +3)
You are immune to poison.
You resist negative energy. (rN+)
You are resistant to electric shocks. (rElec)
You can survive without breathing.
You are immune to petrification.
You are immune to rotting.
You cannot train Armour skill.


Message History

The hobgoblin is stunned by your will and fails to attack.
The goblin barely misses you.
The adder bites you but does no damage. x2
The giant cockroach bites you but does no damage.
The bat hits you but does no damage.
The frilled lizard bites you but does no damage.
Okay, then.
It was a potion of degeneration.
There was something very wrong with that liquid.
You feel weakened.
You feel dopey.
You feel clumsy. The bat hits you but does no damage. The rat misses you.
The adder closely misses you. The adder bites you but does no damage.
The hobgoblin hits you but does no damage.
The giant cockroach closely misses you. The goblin hits you.
* * * LOW HITPOINT WARNING * * *
The bat closely misses you.
The frilled lizard bites you but does no damage.
It was a potion of flight.
You feel very buoyant.
You fly up into the air.
The bat closely misses you. The adder bites you.
You die...

###### ....._ #..#
......############...
...........##...>....#
.......rg..........#.##
......grsr............##
.....bb@SrK$........#...
.....bgSlg..........#...
......bKrg.......[......
.......Jb.....(......#<.
...........P...((...##..
...?.......♣.......###.%
.....#.....♣......## #..
#......###.......... #..
#. #..###.........


You could see an ooze, 2 adders, a quokka, a giant cockroach, 2 hobgoblins, 3
goblins, 5 bats, 2 kobolds, a frilled lizard and 4 rats.

Vanquished Creatures
  2 dart slugs (D:1)
  A giant cockroach (D:1)
  4 goblins (D:1)
  4 hobgoblins (D:1)
  4 jackals (D:1)
  4 kobolds (D:1)
  A ball python (D:1)
  6 bats (D:1)
  4 frilled lizards (D:1)
  2 rats (D:1)
32 creatures vanquished.

Notes
Turn   | Place    | Note
-------+----------+-------------------------------------------
     0 | D:1      | Holzbalken the Gargoyle Monk began the quest for the Orb.
     0 | D:1      | Reached XP level 1. HP: 14/14 MP: 1/1
    74 | D:1      | Reached XP level 2. HP: 19/19 MP: 2/2
   372 | D:1      | Reached skill level 4 in Maces & Flails
   380 | D:1      | Reached XP level 3. HP: 18/23 MP: 3/3
   753 | D:2      | Found a sacrificial altar of Ru.
   761 | D:2      | Became a worshipper of Ru the Awakened
   773 | D:2      | Gained mutation: You cannot train Armour skill. [Ru sacrifice]
   773 | D:2      | Reached * piety under Ru
   897 | D:2      | Found a hide-covered altar of Uskayaw.
   909 | D:2      | Slain by an adder

Vault maps used:
D:1:      lemuel_arrival_rhombus, st_stairs_11, minmay_hexomino_p4
D:2:      overflow_temple_1_default, overflow_temple_1_default, serial_forest,
          infiniplex_forest_clump_tiny, infiniplex_forest_straight_2,
          infiniplex_forest_clump_large, infiniplex_forest_straight_3,
          infiniplex_forest_zigzag_2, infiniplex_forest_straight_2,
          infiniplex_forest_straight_2, nicolae_ru_path_of_blood

Skill      XL: |  1  2 |
---------------+-------+-----
Maces & Flails | 4 |  4.4
Fighting       | |  3.2
Dodging        | |  2.4
Stealth        | |  2.1

Action                   || total
-------------------------++-------
Melee: Mace              ||   102
Invok: Sacrifice Durabil ||     1
  Use: Potion            ||     2
 Stab: Sleeping          ||     1
Armor: Robe              ||    15
       Ring mail         ||   140
Dodge: Dodged            ||   174

Table legend:
 A = Spawn XP
 B = Non-spawn XP
 C = Spawn XP percentage of total XP
 D = Spawn monster count
 E = Non-spawn monster count
 F = Spawn count percentage of total count
 G = Total turns spent on level
                    A         B        C        D         E        F      G
               +---------+---------+-------+---------+---------+-------+---------
         Total |       0 |      55 |   0.0 |       0 |      32 |   0.0 |   909
               +---------+---------+-------+---------+---------+-------+---------
           D:1 |       0 |      55 |   0.0 |       0 |      32 |   0.0 |   711
               +---------+---------+-------+---------+---------+-------+---------
